 Dungeon Crawl Stone Soup version 0.30-a0-243-gaa749bd8e4 (webtiles) character file.

Game seed: 13997775429854074216

538235 Morbidden the Eclecticist (level 26, -8/133 HPs)
             Began as a Vine Stalker Air Elementalist on Oct 11, 2022.
             Was the Champion of Cheibriados.
             Killed from afar by a blizzard demon (40 damage)
             ... with a bolt of lightning
             ... summoned by a dread lich
             ... on level 5 of the Vaults.
             The game lasted 02:08:55 (63432 turns).

Morbidden the Eclecticist (VSAE)                   Turns: 63432, Time: 02:08:56

Health: -8/133     AC: 29    Str: 26    XL:     26   Next: 45%
Magic:  0/66       EV: 18    Int: 38    God:    Cheibriados [******]
Gold:   4124       SH: 22    Dex: 37    Spells: 29/65 levels left

rFire   . . .      SeeInvis .    a - +2 Maxwell's thermic engine {flame, freeze}
rCold   + . .      Faith    .    Z - +2 tower shield
rNeg    . . .      Spirit   +    u - +2 shadow dragon scales
rPois   .          Reflect  .    (helmet restricted)
rElec   .          Harm     .    e - +2 cloak {Stlth+}
rCorr   .          Rampage  .    D - +2 pair of gloves {Dex+3}
Will    +++..                    O - +2 pair of boots
Stlth   +++++++...               T - amulet "Xecicwe Xat" {RegenMP rC+}
HPRegen 1.22/turn                r - ring of magical power
MPRegen 0.80/turn                h - ring of magical power

@: studying 2 skills, very slow
A: fangs 3, regeneration 1, magic shield, antimagic bite, no potion heal 2,
horns 1, shaggy fur 1
}: 2/15 runes: decaying, serpentine
a: Renounce Religion, Bend Time, Temporal Distortion, Slouch, Step From Time


You were on level 5 of the Vaults.
You worshipped Cheibriados.
Cheibriados was exalted by your worship.
You visited 12 branches of the dungeon, and saw 48 of its levels.
You visited the Abyss 1 time.
You visited 1 bazaar.
You also visited: Sewer and Ice Cave.

You collected 7453 gold pieces.
You spent 3329 gold pieces at shops.

Inventory:

Hand Weapons
 a - the +2 Maxwell's thermic engine (weapon) {flame, freeze}
   (You acquired it on level 1 of the Snake Pit)

   It burns those it strikes, dealing additional fire damage.
   Big, fiery blades are also staple armaments of hydra-hunters.
   It freezes those it strikes, dealing additional cold damage.
   It can also slow down cold-blooded creatures.
   It becomes more effective when it hits something.
   This effect fades over time.
 b - the +10 trident of Duty {flame, rElec rPois rN+ SInv}
   (You found it on level 7 of the Dungeon)

   It burns those it strikes, dealing additional fire damage.
   rElec:     It insulates you from electricity.
   rPois:     It protects you from poison.
   rN:        It protects you from negative energy.
   SInv:      It lets you see invisible.
 S - a +6 dagger of venom
Missiles
 g - 22 curare-tipped darts
 B - 18 javelins
 M - 10 boomerangs (quivered)
 X - 9 silver javelins
Armour
 e - a +2 cloak of stealth (worn)
 u - +2 shadow dragon scales (worn)
 w - a +2 helmet of intelligence
 D - a +2 pair of gloves of dexterity (worn)
 O - a +2 pair of boots (worn)
 Z - a +2 tower shield (worn)
Jewellery
 d - a ring of flight
 f - an amulet of the acrobat
 h - a ring of magical power (right hand)
 k - the necklace of Bloodlust {*Rage Will++ Int-3 Slay+6}
   (You took it off a tengu warrior on level 1 of the Depths)

   [amulet of nothing]

   It extends the wearer's berserk rage when killing foes.
   Int:       It affects your intelligence (-3).
   Slay:      It affects your accuracy & damage with ranged weapons and melee
   (+6).
   *Rage:     It berserks you when you make melee attacks (+50% chance).
   Will:      It greatly increases your willpower.
 p - a ring of see invisible
 r - a ring of magical power (left hand)
 R - a ring of protection from cold
 T - the amulet "Xecicwe Xat" (around neck) {RegenMP rC+}
   (You bought it in a shop on level 2 of the Orcish Mines)

   [amulet of magic regeneration]

   It increases your rate of magic regeneration.
   rC:        It protects you from cold.
Wands
 i - a wand of flame (58)
 m - a wand of quicksilver (44)
 I - a wand of mindburst (27)
 K - a wand of iceblast (78)
 W - a wand of digging (21)
 Y - a wand of charming (5)
Scrolls
 c - 5 scrolls of enchant armour
 n - 2 scrolls of blinking
 t - a scroll of fear
 A - 9 scrolls of butterflies
 C - 4 scrolls of immolation
 E - 16 scrolls of teleportation
 J - 10 scrolls of enchant weapon
 L - 3 scrolls of silence
 N - 11 scrolls of magic mapping
 Q - 6 scrolls of poison
Potions
 j - 12 potions of attraction
 l - 8 potions of flight
 o - 29 potions of curing
 s - 6 potions of resistance
 v - 2 potions of magic
 x - 4 potions of mutation
 z - 8 potions of might
 F - 3 potions of cancellation
 H - 7 potions of berserk rage
 P - 2 potions of invisibility
 U - 4 potions of ambrosia
Miscellaneous
 q - a condenser vane
 y - a lightning rod (4/4)
 G - a tin of tremorstones (1/2)
 V - a box of beasts


   Skills:
 * Level 11.7 Fighting
 + Level 4.2(9.0) Short Blades
 * Level 12.4(12.7) Long Blades
 + Level 11.3 Polearms
 + Level 1.5 Throwing
 * Level 9.8 Armour
 * Level 11.3 Dodging
 + Level 6.1 Stealth
 + Level 4.7 Shields
 + Level 3.5 Unarmed Combat
 * Level 20.2 Spellcasting
 * Level 12.6 Conjurations
 * Level 6.0 Translocations
 * Level 9.8 Transmutations
 * Level 18.8 Air Magic
 * Level 8.5 Earth Magic
 * Level 12.2 Invocations
 * Level 13.6 Evocations


You had 29 spell levels left.
You knew the following spells:

 Your Spells              Type           Power      Damage    Failure   Level
a - Airstrike             Air            55%        2d(8-24)  1%          4
b - Arcjolt               Conj/Air       51%        1d61      1%          5
c - Vhi's Electric Charg  Tloc/Air       100%       N/A       1%          3
d - Shock                 Conj/Air       100%       1d9       1%          1
e - Maxwell's Capacitive  Air            55%        ∞         73%         8
g - Lightning Bolt        Conj/Air       51%        1d72      1%          5
s - Statue Form           Tmut/Erth      55%        N/A       80%         6
x - Manifold Assault      Tloc           71%        N/A       30%         4

Your spell library contained the following spells:

 Spells                   Type           Power      Damage    Failure   Level
 Magic Dart               Conj           100%       1d8       1%          1
 Momentum Strike          Conj/Tloc      100%       3d10      1%          2
 Passwall                 Tmut/Erth      69%        N/A       1%          2
 Searing Ray              Conj           100%       2d8       1%          2
 Static Discharge         Conj/Air       100%       2-7/arc   1%          2
 Wereblood                Tmut           85%        N/A       1%          2
 Swiftness                Air            100%       N/A       1%          3
 Foxfire                  Conj/Fire      100%       2x1d9     2%          1
 Kiss of Death            Conj/Necr      100%       2d13      2%          1
 Apportation              Tloc           100%       N/A       3%          1
 Blink                    Tloc           100%       N/A       4%          2
 Iskenderun's Battlesphe  Conj           94%        2d14      6%          5
 Hailstorm                Conj/Ice       72%        3d15      9%          3
 Conjure Ball Lightning   Conj/Air       51%        3x3d18    9%          6
 Lesser Beckoning         Tloc           100%       N/A       10%         3
 Freezing Cloud           Conj/Ice/Air   43%        6-21      14%         5
 Spider Form              Tmut/Pois      66%        N/A       16%         3
 Blade Hands              Tmut           42%        N/A       19%         5
 Silence                  Hex/Air        41%        N/A       22%         5
 Flame Wave               Conj/Fire      72%        2d16      28%         4
 Fulminant Prism          Conj/Hex       36%        3d18      28%         4
 Passage of Golubria      Tloc           71%        N/A       30%         4
 Lee's Rapid Deconstruct  Erth           40%        3d21*     30%         5
 Portal Projectile        Hex/Tloc       100%       N/A       32%         3
 Necrotise                Necr           100%       1d9       36%         1
 Slow                     Hex            100%       N/A       36%         1
 Summon Small Mammal      Summ           100%       N/A       36%         1
 Ice Form                 Ice/Tmut       66%        N/A       45%         4
 Ensorcelled Hibernation  Hex/Ice        76%        N/A       50%         2
 Scorch                   Fire           76%        2d9       50%         2
 Sublimation of Blood     Necr           38%        N/A       50%         2
 Animate Armour           Summ/Erth      100%       N/A       54%         4
 Leda's Liquefaction      Hex/Erth       31%        N/A       54%         4
 Iron Shot                Conj/Erth      43%        9d8       58%         6
 Fireball                 Conj/Fire      36%        3d15      61%         5
 Storm Form               Tmut/Air       49%        N/A       65%         7
 Call Canine Familiar     Summ           38%        N/A       75%         3
 Confusing Touch          Hex            38%        N/A       75%         3
 Frozen Ramparts          Ice            76%        1d12      75%         3
 Ozocubu's Armour         Ice            38%        N/A       75%         3
 Vampiric Draining        Necr           38%        2d8       75%         3
 Alistair's Intoxication  Tmut/Pois      44%        N/A       80%         5
 Orb of Destruction       Conj           47%        9d12      87%         7
 Borgnjor's Vile Clutch   Necr/Erth      31%        N/A       88%         5
 Anguish                  Hex/Necr       19%        N/A       98%         4
 Animate Dead             Necr           38%        N/A       98%         4
 Summon Ice Beast         Ice/Summ       38%        N/A       98%         4
 Starburst                Conj/Fire      36%        6d11      99%         6
 Metabolic Englaciation   Hex/Ice        19%        N/A       100%        5
 Summon Mana Viper        Hex/Summ       38%        N/A       100%        5
 Death Channel            Necr           19%        N/A       100%        6
 Eringya's Noxious Bog    Tmut/Pois      33%        N/A       100%        6
 Simulacrum               Ice/Necr       19%        N/A       100%        6
 Summon Cactus Giant      Summ           19%        N/A       100%        6
 Monstrous Menagerie      Summ           19%        N/A       100%        7
 Ozocubu's Refrigeration  Ice            19%        4d11      100%        7
 Summon Hydra             Summ           19%        N/A       100%        7
 Lehudib's Crystal Spear  Conj/Erth      43%        10d11     100%        8
 Polar Vortex             Ice            19%        N/A       100%        9


Dungeon Overview and Level Annotations

Branches:
Dungeon (15/15)            Temple (1/1) D:5            Lair (5/5) D:9
  Swamp (4/4) Lair:3        Snake (4/4) Lair:2        Slime (0/5) Lair:4
    Orc (2/2) D:9             Elf (3/3) Orc:2        Vaults (5/5) D:14
  Crypt (3/3) Vaults:2       Tomb (1/3) Crypt:3      Depths (4/4) D:15
   Hell (visited)             Zot (0/5) Depths:4      Sewer (visited)
  IceCv (visited)
    Dis: Hell:1         Geh: Hell:1         Coc: Hell:1         Tar: Hell:1

Altars:
Ashenzari
Cheibriados
Dithmenos
Fedhas
Hepliaklqana
Kikubaaqudgha
Makhleb
Nemelex Xobeh
Okawaru
Qazlal
Ru
Sif Muna
Trog
Vehumet
Wu Jian
Xom
Yredelemnul
Zin
The Shining One
Jiyva

Shops:
D:14 !   Orc:2 *(=[:   Elf:1 :   Snake:1 [?(   Snake:2 =:=   Snake:3 :
Vaults:1 ?   Depths:1 :

Portals:
Hell: Depths:1 Depths:2 Depths:3 Depths:4
Abyss: Depths:1 Depths:3
Pandemonium: Depths:2 Depths:3 Depths:4
Ziggurat: Depths:1

Annotations:
Lair:5 1 runed translucent door
Hell Geryon


Innate Abilities, Weirdness & Mutations

You have razor-sharp teeth.
Your natural rate of healing is unusually fast.
When hurt, damage is shared between your health and your magic reserves.
Your bite disrupts and absorbs the magic of your enemies.
Potions cannot restore your health.
You have a pair of small horns on your head.
You are covered in fur. (AC +1)


Message History

Your tin of tremorstones (1/2) has regained one charge.
Unknown command.
Unknown command.
Unknown command.
Casting: Arcjolt (mildly dangerous; 1% risk of failure)
Confirm with . or Enter, or press ? or * to list all spells.
Electricity surges outward!
The dread lich resists.
The dread lich is severely damaged.
The stone giant is severely wounded.
You hear a shout!
The dread lich touches you but does no damage.
You block the blizzard demon's attack. x2
The slime creature is struck by lightning.
You block the dread lich's attack. The stone giant hits you!!
An ironbound preserver comes into view. It is wielding a +1 vorpal dire flail.
Unknown command.
Unknown command.
Unknown command.
Unknown command.
Casting: Arcjolt (mildly dangerous; 1% risk of failure)
Confirm with . or Enter, or press ? or * to list all spells.
Okay, then.
You closely miss the dread lich.
You headbutt the dread lich, but do no damage.
You bite the dread lich!
The dread lich's magic leaks into the air.
You drain its magic.
You feel invigorated.
The dread lich is almost destroyed.
The dread lich completely misses you. The blizzard demon hits you!
* * * LOW HITPOINT WARNING * * *
The blizzard demon hits you!
* * * LOW HITPOINT WARNING * * *
The slime creature is struck by lightning.
The stone giant is struck by lightning.
The stone giant barely misses you.
A yaktaur comes into view.
The titan waves its arms in wide circles.
The air twists around and strikes you. You block the dread lich's attack.
The slime creature is struck by lightning.
The blizzard demon gestures at you. The bolt of lightning hits you!!!
You die...

..# ..# ...#
#....#
...##....###.
...#§§..#..#
..§§§§....#
########)§§.§Cc.##
.......@§§§§.§§...
......2LC§§§§§§...
.......J§§p§§§§...
.......§C§§§§§§...
########§§§.p§§.##
...§§§§§§...
###p#§§§§#...
..#§§§§# ..
##.#....# .


You could see an ironbound preserver, 2 titans, a dread lich (fast, magic
disrupted), a stone giant, a vault warden, a vault guard, a blizzard demon
(summoned), a slime creature shaped shifter and a yaktaur.

Vanquished Creatures
  A dread lich (Depths:3)
  An ancient lich (Crypt:3)
  Mara (Swamp:4)
  A juggernaut (Depths:2)
  Josephina (Crypt:1)
  Saint Roka (Depths:2)
  Xtahua (Crypt:2)
  A caustic shrike (Depths:3)
  3 golden dragons
  Nikola (Depths:1)
  A bone dragon (Depths:4)
  A walking crystal tome (Depths:2)
  5 tentacled monstrosities
  Jorgrun (Swamp:2)
  Mlioglotl (Swamp:3)
  A titan (Depths:2)
  2 deep elf blademasters (Elf:3)
  4 liches
  2 deep elf master archers (Elf:3)
  2 quicksilver dragons
  An ancient champion (Crypt:2)
  Kirke (Swamp:2)
  Agnes (D:15)
  3 sphinxes
  A shadow dragon (Depths:4)
  4 tengu reavers
  2 thorn hunters
  A draconian monk (Depths:3)
  3 fire giants
  2 azure jellies (IceCv)
  3 revenants
  4 nagarajas
  12 vault wardens
  2 fenstrider witches
  An iron dragon (Depths:2)
  4 deep elf sorcerers
  A rockslime (IceCv)
  4 frost giants
  A draconian shifter (Depths:4)
  Aizul (Swamp:1)
  2 deep elf elementalists (Elf:3)
  2 caustic shrike zombies (Crypt:3)
  4 curse skulls
  6 reapers
  2 orc warlords
  8 quicksilver oozes (IceCv)
  18 ironbound preservers
  10 ghouls
  A caustic shrike skeleton (Crypt:1)
  4 deep elf demonologists
  A war gargoyle (Vaults:3)
  11 ironbound thunderhulks
  5 vampire knights
  A black draconian (Depths:4)
  11 very ugly things
  9 stone giants
  A lorocyproca (Depths:3)
  11 dire elephants
  3 green draconians
  A yellow draconian (Depths:3)
  5 spark wasps
  2 white draconians
  3 eleionomae
  7 bunyips
  A mummy priest (Crypt:3)
  7 deep elf annihilators
  A blizzard demon (Depths:3)
  2 ettins
  11 eidola
  8 deep elf death magi
  5 jiangshi
  Snorg (Lair:4)
  5 great orbs of eyes
  12 yaktaur captains
  9 fire dragons
  3 shambling mangroves
  4 deep elf high priests
  A quicksilver dragon zombie (Crypt:3)
  A quicksilver dragon skeleton (Crypt:3)
  2 hell beasts (Depths:3)
  31 vault guards
  7 rakshasas
  9 ice dragons
  A ghost crab (Swamp:3)
  4 spriggan zombies (Crypt:3)
  A catoblepas (D:13)
  A peacekeeper (Vaults:3)
  6 salamander tyrants
  Erica (D:8)
  19 hydras
  3 spriggan air magi
  4 ironbound frosthearts
  14 anacondas
  9 centaur warriors
  3 death knights
  3 boulder beetles
  12 naga warriors
  7 alligators
  4 death yaks (Lair:4)
  2 spriggan skeletons (Crypt:3)
  5 two-headed ogres
  22 dancing weapons
  A bennu skeleton (Crypt:2)
  3 deep troll earth magi
  4 deep troll shamans
  5 shock serpents
  8 vampire magi
  A titan zombie (Crypt:1)
  2 sun demons
  5 tengu warriors (Depths:1)
  Urug (D:11)
  12 naga sharpshooters
  8 spriggan berserkers
  10 deep elf knights
  2 iron trolls
  6 orc high priests
  8 soul eaters
  Nergalle (D:12)
  Sonja (D:10)
  A hell knight (Depths:4)
  10 salamander mystics
  A sixfirhy (Depths:2)
  2 titan skeletons
  A shadow wraith (Crypt:2)
  A golden dragon zombie (Crypt:1)
  17 spriggans
  23 skeletal warriors
  Lodul (D:11)
  3 sea snakes (Snake:2)
  4 starcursed masses (Abyss:2)
  A sea snake (shapeshifter) (D:15)
  18 swamp dragons
  5 goliath frogs
  73 deep trolls
  3 spriggan druids
  9 naga ritualists
  3 flayed ghosts
  6 bog bodies
  An orange crystal statue (IceCv)
  2 bunyip skeletons
  12 ironbound convokers
  3 glowing orange brains
  A spriggan simulacrum (Crypt:1)
  8 harpies
  18 phantasmal warriors
  5 wizards
  A broodmother zombie (Crypt:2)
  A shadow dragon zombie (Crypt:1)
  12 deep elf archers
  19 ugly things
  6 orc knights
  25 deep elf zephyrmancers
  A fenstrider witch simulacrum (Crypt:1)
  4 wolf spiders
  17 necromancers
  23 salamanders
  33 deep elf pyromancers
  A shadow dragon skeleton (Crypt:3)
  8 mana vipers
  20 lindwurms
  An oklob plant (Lair:3)
  A stone giant zombie (Crypt:3)
  A tengu skeleton (Vaults:4)
  8 cyclopes
  A faun (shapeshifter) (Depths:4)
  10 orc sorcerers
  4 will-o-the-wisps
  A worldbinder (Abyss:2)
  2 iron dragon skeletons (Crypt:3)
  42 black mambas
  A frost giant skeleton (Vaults:4)
  Maurice (D:11)
  6 guardian serpents
  14 naga magi
  A moth of wrath (shapeshifter) (Depths:2)
  2 apocalypse crabs (Abyss:2)
  20 elephants
  A draconian skeleton (Crypt:3)
  A centaur zombie (Crypt:3)
  A dire elephant zombie (Crypt:3)
  13 cane toads
  6 torpor snails (Lair:5)
  16 vault sentinels
  6 centaur skeletons
  4 smoke demons
  7 freezing wraiths
  29 yaktaurs
  A sea snake zombie (Crypt:1)
  A tormentor (Depths:2)
  A rime drake (Lair:1)
  An efreet (D:15)
  14 hellwings
  A kobold demonologist (D:11)
  2 bunyip simulacra (Crypt:1)
  An ice devil (Depths:3)
  8 komodo dragons
  7 tengu conjurers
  2 ancient zymes (Abyss:2)
  2 guardian mummies (Crypt:3)
  A red draconian skeleton (Crypt:1)
  2 red devils (Depths:3)
  9 trolls
  A death yak skeleton (Crypt:2)
  2 harpy zombies (Crypt:1)
  11 tyrant leeches
  2 bloated husks
  30 hornets
  7 blink frogs
  3 large abominations (Abyss:2)
  A polar bear (Lair:3)
  3 meliai (D:14)
  36 slime creatures
  3 ettin zombies (Crypt:3)
  A raiju (Abyss:2)
  An iron dragon simulacrum (Crypt:1)
  A dream sheep (Lair:5)
  A human simulacrum (Vaults:4)
  A hydra skeleton (Crypt:1)
  5 flying skulls (Abyss:2)
  2 shadows
  5 air elementals
  4 jumping spiders (Crypt:3)
  2 ynoxinuls (Abyss:2)
  5 water elementals
  An ettin skeleton (Vaults:4)
  2 wind drake zombies (Crypt:2)
  14 wraiths
  4 fire bats (Depths:1)
  59 yaks
  A hog (Swamp:2)
  13 wyverns
  A tyrant leech zombie (Crypt:2)
  17 humans (D:14)
  A neqoxec (Depths:2)
  6 basilisks
  6 redbacks
  3 steam dragons
  22 vampire mosquitoes
  3 chaos spawn (Abyss:2)
  3 wargs (Orc:2)
  3 acid dragons
  2 naga zombies (Crypt:3)
  A demonspawn zombie (Crypt:1)
  25 nagas
  13 swamp worms
  27 water moccasins
  4 hell hounds (Hell)
  Pargi (Sewer)
  A merfolk skeleton (Crypt:2)
  9 swamp drakes
  A sky beast (D:8)
  2 small abominations (Abyss:2)
  A naga skeleton (Crypt:3)
  17 ogres
  An ice beast (D:6)
  5 great orb of eyes simulacra (IceCv)
  25 orc warriors
  A black bear (D:5)
  47 wolves
  5 centaurs
  4 boggarts (D:14)
  4 slime creature simulacra (IceCv)
  A phantom (D:7)
  4 kobold brigands
  12 bullfrogs
  5 earth elementals
  An elf skeleton (Crypt:1)
  6 necrophages
  3 scorpions
  A water moccasin zombie (D:7)
  6 glowing shapeshifter simulacra (IceCv)
  A cyclops skeleton (Crypt:1)
  18 wights
  5 wyvern skeletons (Crypt:3)
  12 killer bees
  4 howler monkeys
  3 electric eels
  A bullfrog zombie (D:7)
  2 human zombies
  4 hounds
  2 jellies
  2 gnoll boudas
  6 iguanas
  15 orc priests
  Jessica (D:3)
  Natasha (twice) (D:2)
  Ijyb (D:3)
  10 orc wizards
  2 killer bee zombies (D:7)
  A boggart simulacrum (D:14)
  4 mummies
  Robin (D:4)
  A howler monkey zombie (D:7)
  12 adders
  10 gnolls
  A steam dragon zombie (Crypt:1)
  A river rat (D:4)
  4 white imps
  An ufetubus (Abyss:2)
  A lava snake zombie (Crypt:2)
  A worm (D:4)
  A dart slug (D:5)
  47 orcs
  7 endoplasms
  2 giant cockroaches
  13 goblins
  10 hobgoblins
  4 jackals
  4 ball pythons
  A bat (D:2)
  7 frilled lizards
  26 kobolds
  8 rats
  A fire vortex (Depths:1)
  A lurking horror (Abyss:2)
1969 creatures vanquished.

Vanquished Creatures (collateral kills)
  Mennas (Depths:4)
  A juggernaut (Depths:3)
  Sojobo (Crypt:1)
  A tengu reaver (Crypt:1)
  A vampire knight (Crypt:2)
  An ettin (Depths:2)
  A deep troll earth mage (Depths:1)
  A deep troll (Depths:1)
  A spriggan simulacrum (Crypt:1)
  A human (D:14)
  An orc warrior (D:14)
11 creatures vanquished.

Vanquished Creatures (others)
  An alligator (Swamp:1)
  A deep troll shaman (Depths:1)
  2 spriggan berserkers (Depths:1)
  A deep elf knight (Elf:1)
  An iron troll (Depths:1)
  A deep elf zephyrmancer (Elf:1)
  2 bloated husks
  A raiju (Abyss:2)
  5 humans (Swamp:2)
  2 golden eyes (Abyss:2)
  A vampire mosquito (Swamp:1)
  A swamp drake (Swamp:2)
  4 foxfires
  59 fungi
  115 plants
  42 withered plants (Crypt:3)
239 creatures vanquished.

Grand Total: 2219 creatures vanquished

Notes
Turn   | Place    | Note
-------+----------+-------------------------------------------
     0 | D:1      | Morbidden the Vine Stalker Air Elementalist began the quest
                  | for the Orb.
     0 | D:1      | Reached XP level 1. HP: 9/9 MP: 4/4
   312 | D:1      | Reached XP level 2. HP: 14/14 MP: 1/6
   403 | D:1      | Learned a level 2 spell: Static Discharge
   435 | D:1      | Reached skill level 1 in Fighting
   800 | D:2      | Reached XP level 3. HP: 18/18 MP: 5/7
  1153 | D:2      | Noticed Natasha
  1249 | D:2      | Killed Natasha
  1250 | D:2      | Gained mutation: Your natural rate of healing is unusually
                  | fast. [Vine Stalker growth]
  1250 | D:2      | Reached XP level 4. HP: 4/22 MP: 3/8
  1613 | D:2      | Noticed Natasha
  1657 | D:2      | Killed Natasha
  1961 | D:3      | Reached skill level 1 in Unarmed Combat
  2120 | D:3      | Reached XP level 5. HP: 25/25 MP: 1/10
  2433 | D:3      | Reached skill level 3 in Spellcasting
  2627 | D:3      | Noticed Jessica
  2634 | D:3      | Killed Jessica
  2706 | D:3      | Noticed Ijyb
  2718 | D:3      | Killed Ijyb
  2719 | D:3      | Reached XP level 6. HP: 24/30 MP: 2/11
  3093 | D:4      | Noticed Robin
  3106 | D:4      | Killed Robin
  3152 | D:4      | Found a glowing drain.
  3163 | Sewer    | Entered a sewer
  3175 | Sewer    | Learned a level 4 spell: Airstrike
  3255 | Sewer    | Noticed Pargi
  3271 | Sewer    | Killed Pargi
  3542 | D:4      | Noticed a wyvern
  3547 | D:4      | Killed a wyvern
  3548 | D:4      | Reached XP level 7. HP: 35/35 MP: 13/13
  3615 | D:4      | Reached skill level 1 in Short Blades
  3618 | D:4      | Reached skill level 4 in Spellcasting
  3946 | D:4      | Found a shadowy altar of Dithmenos.
  4357 | D:4      | Reached skill level 1 in Evocations
  4357 | D:4      | Gained mutation: You have razor-sharp teeth. [Vine Stalker
                  | growth]
  4357 | D:4      | Reached XP level 8. HP: 39/39 MP: 15/15
  4465 | D:5      | Entered Level 5 of the Dungeon
  4515 | D:5      | Reached skill level 5 in Air Magic
  5151 | D:5      | Found a staircase to the Ecumenical Temple.
  5170 | Temple   | Entered the Ecumenical Temple
  5226 | Temple   | Became a worshipper of Cheibriados the Contemplative
  5704 | D:6      | Noticed an angel
  5704 | D:6      | Found a glowing silver altar of Zin.
  5723 | D:6      | Found a shimmering altar of Xom.
  5798 | D:6      | Reached XP level 9. HP: 44/44 MP: 17/17
  5836 | D:6      | Reached skill level 5 in Spellcasting
  5842 | D:6      | Reached skill level 1 in Armour
  5913 | D:6      | Reached * piety under Cheibriados
  6537 | D:7      | Reached skill level 1 in Long Blades
  6635 | D:7      | Identified the +4 flail of the Morning {speed, *Noise rPois
                  | Str+5 Dex+2}
  6641 | D:7      | Identified the +10 trident of Duty {flame, rElec rPois rN+
                  | SInv}
  6730 | D:7      | Found an ancient bone altar of Kikubaaqudgha.
  6771 | D:7      | Reached ** piety under Cheibriados
  6908 | D:7      | Reached skill level 1 in Invocations
  7058 | D:7      | Reached skill level 1 in Polearms
  7250 | D:7      | Reached XP level 10. HP: 37/49 MP: 14/19
  7531 | D:8      | Reached skill level 5 in Conjurations
  7667 | D:8      | Reached *** piety under Cheibriados
  7968 | D:8      | Noticed Erica
  7993 | D:8      | Killed Erica
  8141 | D:8      | Noticed a moth of wrath
  8143 | D:8      | Found a bloodstained altar of Trog.
  8237 | D:9      | Found a staircase to the Lair.
  8373 | D:9      | Reached skill level 6 in Spellcasting
  8604 | D:9      | Reached skill level 1 in Throwing
  8756 | D:9      | Found a staircase to the Orcish Mines.
  8783 | D:9      | Reached **** piety under Cheibriados
  8845 | D:9      | Reached XP level 11. HP: 53/53 MP: 4/21
  9268 | D:10     | Entered Level 10 of the Dungeon
  9272 | D:10     | Noticed a two-headed ogre
  9275 | D:10     | Killed a two-headed ogre
  9361 | D:10     | Noticed Sonja
  9364 | D:10     | Killed Sonja
 10092 | D:10     | Found a hazy altar of Hepliaklqana.
 10126 | D:10     | Reached ***** piety under Cheibriados
 10136 | D:10     | Found a burning altar of Makhleb.
 10137 | D:10     | Found an iron altar of Okawaru.
 10137 | D:10     | Found a blossoming altar of Fedhas.
 10137 | D:10     | Found a broken altar of Ashenzari.
 10138 | D:10     | Found a sparkling altar of Nemelex Xobeh.
 10141 | D:10     | Found a stormy altar of Qazlal.
 10438 | Lair:1   | Entered Level 1 of the Lair of Beasts
 10544 | Lair:1   | Reached skill level 7 in Spellcasting
 10733 | Lair:1   | Reached skill level 5 in Polearms
 10817 | Lair:1   | Learned a level 3 spell: Vhi's Electric Charge
 10823 | Lair:1   | Learned a level 5 spell: Arcjolt
 11287 | Lair:2   | You fall into a shaft and drop 1 floor!
 11294 | Lair:3   | Reached XP level 12. HP: 58/58 MP: 23/23
 11563 | Lair:2   | Reached skill level 5 in Dodging
 12206 | Lair:2   | Reached skill level 5 in Fighting
 12255 | Lair:2   | Found a staircase to the Snake Pit.
 13079 | Lair:3   | Reached skill level 5 in Invocations
 13646 | Lair:3   | Reached skill level 5 in Evocations
 13652 | Lair:3   | Reached skill level 8 in Spellcasting
 13799 | Lair:3   | Reached skill level 5 in Long Blades
 13875 | Lair:3   | Found a staircase to the Swamp.
 13937 | Lair:3   | Reached ****** piety under Cheibriados
 14188 | Lair:3   | Reached XP level 13. HP: 63/63 MP: 26/26
 14337 | Lair:4   | Noticed Snorg
 14620 | Lair:4   | Killed Snorg
 14621 | Lair:4   | Reached skill level 9 in Spellcasting
 15605 | Lair:4   | Found a viscous altar of Jiyva.
 15606 | Lair:4   | Found a staircase to the Slime Pits.
 15748 | Lair:5   | Entered Level 5 of the Lair of Beasts
 16321 | Lair:5   | Reached skill level 10 in Air Magic
 16419 | Lair:5   | Reached XP level 14. HP: 70/70 MP: 5/28
 16455 | Lair:5   | Reached skill level 10 in Spellcasting
 17861 | Lair:5   | Found a runed translucent door.
 18245 | Lair:5   | Reached skill level 1 in Translocations
 18722 | Lair:4   | Learned a level 5 spell: Lightning Bolt
 18996 | D:11     | Noticed Maurice
 19001 | D:11     | Killed Maurice
 19055 | D:11     | Noticed Lodul
 19099 | D:11     | Noticed Urug
 19103 | D:11     | Killed Urug
 19599 | D:11     | Killed Lodul
 20616 | D:12     | Noticed Nergalle
 20621 | D:12     | Killed Nergalle
 20625 | D:12     | Reached XP level 15. HP: 74/74 MP: 14/30
 20740 | D:12     | Reached skill level 12 in Spellcasting
 20740 | D:12     | Reached XP level 16. HP: 79/79 MP: 33/33
 22045 | D:14     | Found Tunaf's Distillery.
 22074 | D:14     | Identified the +0 robe of Natu Bovuz {Regen+ Dex+3}
 22159 | Abyss:2  | Cast into level 2 of the Abyss (a wizard)
 22585 | Abyss:2  | Noticed a tentacled starspawn
 22950 | Abyss:2  | Noticed a bone dragon
 23154 | Abyss:2  | Noticed a bone dragon
 23160 | Abyss:2  | Found a corrupted altar of Lugonu.
 23233 | Abyss:2  | Found a corrupted altar of Lugonu.
 23257 | D:14     | Escaped the Abyss
 23509 | D:14     | Identified the +1 ring mail "Anunei" {rN+ rCorr Int+3}
 23670 | D:14     | Reached skill level 13 in Spellcasting
 24070 | D:15     | Entered Level 15 of the Dungeon
 24536 | D:14     | Found a gate to the Vaults.
 24863 | D:15     | Noticed Agnes
 24871 | D:15     | Killed Agnes
 25594 | D:15     | Reached skill level 5 in Armour
 25684 | D:15     | Found a staircase to the Depths.
 25892 | Orc:1    | Entered Level 1 of the Orcish Mines
 26551 | Orc:2    | Entered Level 2 of the Orcish Mines
 26943 | Orc:2    | Found Zakis's Vocational Training.
 27242 | Orc:2    | Reached XP level 17. HP: 85/85 MP: 2/35
 27816 | Orc:2    | Found Fula's Antique Armour Shoppe.
 27978 | Orc:2    | Bought a pair of runed gloves for 157 gold pieces
 28001 | Orc:2    | Found Zepsytzo's Jewellery Emporium.
 28010 | Orc:2    | Bought the amulet "Xecicwe Xat" {RegenMP rC+} for 572 gold
                  | pieces
 28189 | Orc:2    | Found Xevik's Antique Weapon Emporium.
 28250 | Orc:2    | Found Kengiel's General Store.
 28390 | Orc:2    | Found a staircase to the Elven Halls.
 28495 | Orc:2    | Bought a manual of Evocations for 1120 gold pieces
 28687 | Orc:2    | Bought the +4 Cigotuvi's embrace {rMiasma Drain rN+} for
                  | 386 gold pieces
 28687 | Orc:2    | Found the +4 Cigotuvi's embrace {rMiasma Drain rN+}
 28719 | Orc:2    | Learned a level 7 spell: Storm Form
 28810 | Snake:1  | Entered Level 1 of the Snake Pit
 29113 | Snake:1  | Identified the +6 trident "Lakup" {venom, Fragile +Blink
                  | Will++ Int+4}
 29223 | Snake:1  | Reached skill level 1 in Transmutations
 29384 | Snake:1  | Found Ipucsiug's Armour Shoppe.
 29387 | Snake:1  | Found Veebal's Magic Scroll Emporium.
 29389 | Snake:1  | Found Buchec's Antique Weapon Shoppe.
 29566 | Snake:1  | Identified a scroll of acquirement
 29575 | Snake:1  | Acquired the +2 Maxwell's thermic engine {flame, freeze}
 29575 | Snake:1  | Found the +2 Maxwell's thermic engine {flame, freeze}
 29993 | Snake:2  | Reached skill level 14 in Spellcasting
 30025 | Snake:2  | Reached skill level 1 in Shields
 30036 | Snake:2  | Found Qujuos's Jewellery Shop.
 30059 | Snake:2  | Found Fos Veuh's Book Shoppe.
 30060 | Snake:2  | Found Ysyjiag's Jewellery Shop.
 31411 | Snake:3  | Found Osumoic's Self-Improvement Boutique.
 31595 | Snake:3  | Reached XP level 18. HP: 79/90 MP: 37/37
 32256 | Snake:4  | Entered Level 4 of the Snake Pit
 32737 | Snake:4  | Acquired 764 gold pieces
 33802 | Swamp:1  | Entered Level 1 of the Swamp
 33803 | Swamp:1  | Noticed Aizul
 33813 | Swamp:1  | Killed Aizul
 33944 | Swamp:1  | Reached skill level 15 in Spellcasting
 34184 | Swamp:1  | Noticed a tentacled monstrosity
 34205 | Swamp:1  | Killed a tentacled monstrosity
 34544 | Swamp:1  | Reached skill level 5 in Stealth
 34855 | Swamp:2  | You fall into a shaft and drop 1 floor!
 34985 | Swamp:3  | Noticed a tentacled monstrosity
 34995 | Swamp:3  | Killed a tentacled monstrosity
 35332 | Swamp:3  | Reached XP level 19. HP: 85/95 MP: 20/39
 36174 | Swamp:2  | Noticed Jorgrun
 36177 | Swamp:2  | Noticed Kirke
 36180 | Swamp:2  | Killed Jorgrun
 36185 | Swamp:2  | Killed Kirke
 36380 | Swamp:2  | Paralysed by a fenstrider witch for 2 turns
 36484 | Swamp:2  | Learned a level 6 spell: Statue Form
 37237 | Swamp:4  | Entered Level 4 of the Swamp
 37237 | Swamp:4  | Noticed Mlioglotl
 37263 | Swamp:3  | Killed Mlioglotl
 37264 | Swamp:3  | Reached skill level 1 in Earth Magic
 37576 | Swamp:4  | Reached skill level 10 in Conjurations
 37691 | Swamp:4  | Got a decaying rune of Zot
 37837 | Swamp:4  | Noticed Mara
 37846 | Swamp:4  | Killed Mara
 37847 | Swamp:4  | Reached skill level 16 in Spellcasting
 37847 | Swamp:4  | Reached skill level 5 in Transmutations
 38297 | Elf:1    | Entered Level 1 of the Elven Halls
 38338 | Elf:1    | Paralysed by an air elemental for 1 turns
 38434 | Elf:1    | Found Astrorch's Book Emporium.
 38444 | Elf:1    | Found a frozen archway.
 38456 | IceCv    | Entered an ice cave
 38581 | IceCv    | Got the ring of the Ornamental God {rC+ rN+ Str-3 SInv}
 39081 | IceCv    | Reached skill level 10 in Polearms
 39116 | IceCv    | Reached XP level 20. HP: 100/100 MP: 39/41
 39154 | IceCv    | Found a viscous altar of Jiyva.
 39214 | IceCv    | Got Aphosiz's Grimoire of Graupel
 39582 | Elf:1    | Reached skill level 15 in Air Magic
 39731 | Elf:1    | Reached XP level 21. HP: 35/105 MP: 42/42
 39908 | Elf:1    | Reached skill level 10 in Evocations
 39920 | Elf:1    | Reached skill level 17 in Spellcasting
 39977 | Elf:1    | Got the Cyclopedia of Conflict
 41089 | Elf:2    | Found a runed translucent gate.
 41090 | Elf:2    | Found a runed translucent gate.
 41090 | Elf:2    | Found a runed translucent gate.
 41635 | Elf:3    | Entered Level 3 of the Elven Halls
 42327 | Elf:3    | Identified the +3 great sword of Dissolution {speed, Contam
                  | rC+ Dex+5}
 42688 | Elf:3    | Identified the amulet of Ehak {Spirit rPois rC+ Dex-3}
 42826 | Elf:3    | Identified the +4 long sword of Qazlal's Reproof {protect,
                  | rElec rN+ rCorr}
 42930 | Elf:3    | Identified the +7 long sword "Sissaczo" {spect, +Blink
                  | rElec Str+3 Dex+5}
 42938 | Elf:3    | Identified the +2 scimitar of Dust {freeze, rPois Int+2}
 43178 | Elf:3    | Identified the +7 whip "Hoingoang" {elec, rC+ Will+ Str+7}
 43810 | Snake:4  | Reached XP level 22. HP: 97/110 MP: 40/44
 44269 | Snake:4  | Got a serpentine rune of Zot
 44630 | Vaults:1 | Entered Level 1 of the Vaults
 45336 | Vaults:1 | Identified the +7 arbalest of Courage {penet, rPois}
 45401 | Vaults:1 | Found Riydatet's Magic Scroll Emporium.
 45427 | Vaults:1 | Bought a scroll of blinking for 82 gold pieces
 45427 | Vaults:1 | Bought a scroll of teleportation for 33 gold pieces
 45427 | Vaults:1 | Bought a scroll of teleportation for 33 gold pieces
 45827 | Vaults:1 | Reached skill level 5 in Earth Magic
 45827 | Vaults:1 | Reached skill level 10 in Invocations
 46064 | Vaults:2 | Reached skill level 10 in Fighting
 46108 | Vaults:2 | Identified the +10 spear of Peorekar {antimagic, Int+5}
 46114 | Vaults:2 | Found a staircase to the Crypt.
 46223 | Vaults:2 | Reached skill level 10 in Long Blades
 46537 | Vaults:2 | Reached skill level 18 in Spellcasting
 46690 | Vaults:2 | Reached XP level 23. HP: 115/115 MP: 34/46
 47406 | Vaults:3 | Found a flickering gateway to a bazaar.
 47415 | Bazaar   | Entered a bazaar
 47440 | Bazaar   | Found Wetoschi's Distillery.
 47444 | Bazaar   | Found Kyx Vaom's Antique Weapon Boutique.
 47444 | Bazaar   | Found Jacunas's Magic Scroll Boutique.
 47445 | Bazaar   | Found Ufiazooc's Distillery.
 47476 | Bazaar   | Bought a potion of curing for 39 gold pieces
 47476 | Bazaar   | Bought a potion of berserk rage for 65 gold pieces
 47476 | Bazaar   | Bought 2 potions of curing for 78 gold pieces
 47476 | Bazaar   | Bought a potion of might for 52 gold pieces
 47482 | Bazaar   | Bought a potion of berserk rage for 85 gold pieces
 47482 | Bazaar   | Bought a potion of berserk rage for 85 gold pieces
 47482 | Bazaar   | Bought a potion of curing for 51 gold pieces
 47482 | Bazaar   | Bought a potion of might for 68 gold pieces
 47487 | Bazaar   | Bought a scroll of teleportation for 54 gold pieces
 47487 | Bazaar   | Bought a scroll of teleportation for 54 gold pieces
 47487 | Bazaar   | Bought a scroll of blinking for 135 gold pieces
 47487 | Bazaar   | Bought a scroll of teleportation for 54 gold pieces
 47487 | Bazaar   | Bought a scroll of teleportation for 54 gold pieces
 47487 | Bazaar   | Bought a scroll of poison for 72 gold pieces
 47572 | Vaults:3 | Identified the +10 battleaxe of Hell's Wrath {spect, rElec
                  | rF+ rC+}
 48643 | Vaults:3 | Noticed a golden dragon
 48971 | Vaults:3 | Killed a golden dragon
 49322 | Vaults:4 | Reached skill level 10 in Dodging
 50836 | Orc:2    | Learned a level 4 spell: Manifold Assault
 50845 | Orc:2    | Learned a level 8 spell: Maxwell's Capacitive Coupling
 51656 | Crypt:1  | Entered Level 1 of the Crypt
 51664 | Crypt:1  | Reached XP level 24. HP: 120/120 MP: 26/46
 52167 | Crypt:1  | Identified the ring of Laebbug {Ice Drain Fly rElec Slay+4}
 52167 | Crypt:1  | Noticed Josephina
 52177 | Crypt:1  | Killed Josephina
 52475 | Crypt:1  | Noticed Sojobo
 52484 | Crypt:1  | Killed Sojobo
 52802 | Crypt:1  | You fall into a shaft and drop 1 floor!
 53560 | Crypt:2  | Noticed Xtahua
 53574 | Crypt:2  | Killed Xtahua
 53929 | Crypt:3  | Entered Level 3 of the Crypt
 53948 | Crypt:3  | Reached skill level 19 in Spellcasting
 54129 | Crypt:3  | Noticed an ancient lich
 54130 | Crypt:3  | Found the +7 captain's cutlass {speed, disarm}
 54726 | Crypt:3  | Found a staircase to the Tomb.
 55268 | Crypt:3  | Reached XP level 25. HP: 84/126 MP: 10/47
 55272 | Crypt:3  | Killed an ancient lich
 55385 | Crypt:3  | Found an ancient bone altar of Kikubaaqudgha.
 55459 | Crypt:3  | Identified the +1 scimitar of the Open Hand {venom, rF+
                  | Will+ Int+3}
 55569 | Crypt:3  | Identified the +6 trident of Fear {vorpal, *Rage rF+ rN+
                  | Int+4}
 56246 | Tomb:1   | Entered Level 1 of the Tomb of the Ancients
 56498 | Depths:1 | Entered Level 1 of the Depths
 56538 | Depths:1 | Found a one-way gateway to a ziggurat.
 56546 | Depths:1 | Found a gateway to Hell.
 56670 | Depths:1 | Found Eblitramis's Book Emporium.
 56965 | Depths:1 | Upgraded the game from 0.30-a0-241-g1121274140 to
                  | 0.30-a0-243-gaa749bd8e4
 57019 | Depths:1 | Noticed Nikola
 57064 | Depths:1 | Identified the amulet of the Burnt Banana {Faith rPois}
 57088 | Depths:1 | Killed Nikola
 57768 | Depths:1 | Found a one-way gate to the infinite horrors of the Abyss.
 57806 | Depths:1 | Identified the +1 hand axe "Noapho Januy" {vorpal, Fragile
                  | rC+ Dex+3 Stlth+}
 58247 | Depths:2 | Gained mutation: You are frail. (-10% HP) [a neqoxec]
 58250 | Depths:2 | Gained mutation: Your magical capacity is low. (-10% MP) [a
                  | neqoxec]
 58251 | Depths:2 | Gained mutation: You are very frail. (-20% HP) [a neqoxec]
 58371 | Depths:2 | Lost mutation: Your magical capacity is low. (-10% MP)
                  | [potion of mutation]
 58371 | Depths:2 | Lost mutation: You are very frail. (-20% HP) [potion of
                  | mutation]
 58371 | Depths:2 | Gained mutation: You have a pair of small horns on your
                  | head. [potion of mutation]
 58371 | Depths:2 | Lost mutation: You are frail. (-10% HP) [potion of
                  | mutation]
 58371 | Depths:2 | Gained mutation: You are covered in fur. (AC +1) [potion of
                  | mutation]
 58408 | Depths:2 | Found a one-way gate leading to the halls of Pandemonium.
 59284 | Depths:2 | Noticed a juggernaut
 59304 | Depths:2 | Killed a juggernaut
 59332 | Depths:2 | Reached skill level 5 in Translocations
 59813 | Depths:2 | Noticed Saint Roka
 59830 | Depths:2 | Killed Saint Roka
 60597 | Depths:3 | Noticed a dread lich
 60600 | Depths:3 | Noticed a juggernaut
 60607 | Depths:3 | Killed a dread lich
 60609 | Depths:3 | Killed a juggernaut
 60610 | Depths:3 | Reached XP level 26. HP: 111/132 MP: 47/47
 61371 | Hell     | Entered the Vestibule of Hell
 61371 | Hell     | Noticed Geryon
 61479 | Depths:4 | Entered Level 4 of the Depths
 61787 | Depths:4 | Reached skill level 20 in Spellcasting
 62149 | Depths:4 | Found a gate to the Realm of Zot.
 62337 | Depths:4 | Noticed Mennas
 62348 | Depths:4 | Killed Mennas
 62905 | Depths:4 | Found a shimmering blue altar of Sif Muna.
 62908 | Depths:4 | Found a radiant altar of Vehumet.
 62908 | Depths:4 | Found a burning altar of Makhleb.
 62910 | Depths:4 | Found an ancient bone altar of Kikubaaqudgha.
 62910 | Depths:4 | Found a shimmering altar of Xom.
 62910 | Depths:4 | Found an iron altar of Okawaru.
 63412 | Vaults:5 | Entered Level 5 of the Vaults
 63414 | Vaults:5 | Noticed a dread lich
 63432 | Vaults:5 | Killed from afar by a blizzard demon

Illustrated notes

Levels and vault maps discovered:
D:1:      dpeg_arrival_pond, layout_basic
D:2:      layout_basic, uniq_natasha
D:3:      layout_rooms, uniq_jessica, uniq_ijyb
D:4:      layout_loops_cross, nicolae_dithmenos_through_a_glass_darkly,
          portal_sewer_entry_e, uniq_robin
D:5:      kennysheep_steamy, layout_basic, temple_fountains,
          minmay_misc_feat_square, kennysheep_dice
D:6:      layout_basic, grunt_temple_overflow_order_and_chaos_1
D:7:      layout_gridville, lemuel_mausoleum_altar_kikubaaqudgha
D:8:      layout_loops_ring, tgw_trog, uniq_erica
D:9:      layout_basic, dpeg_oklobed_lair, orc_0_dummy
D:10:     layout_loops_ring, minitemple, minmay_misc_feat_tower,
          minmay_misc_feat_five, uniq_sonja
D:11:     layout_long_grid, uniq_lodul, uniq_maurice, uniq_urug
D:12:     layout_roguey, uniq_nergalle
D:13:     layout_roguey
D:14:     layout_gridville, grunt_vaults_entry_tiered, corexii_leaking_fountain,
          serial_shops, nicolae_shop_stone, serial_bayou_lake_a
D:15:     grunt_enter_depths_magical_seal, layout_basic,
          hangedman_abyss_or_decor_clamps, uniq_agnes
Temple:   compressed_dpeg_circular_temple
Lair:1:   layout_regular_city, grunt_megastairs_3
Lair:2:   layout_cave_pods, guppyfry_snake_entry_island, lemuel_fruit_fields
Lair:3:   layout_concentric_octagons, minmay_swamp_entry_swarm
Lair:4:   layout_regular_city, dpeg_slime_entry_enclosed, minivault_26,
          grunt_megastairs_1, uniq_snorg
Lair:5:   wormcave, layout_long_grid, hangedman_lair_tendril_chambers,
          grunt_forest_large_clearings
Swamp:1:  layout_falls_marsh, evilmike_swamp_ruin_house_4, swamp_pool4,
          uniq_aizul
Swamp:2:  layout_falls_marsh, evilmike_swamp_ruin_house_1, st_swamp_ruins_2,
          uniq_kirke, uniq_jorgrun
Swamp:3:  nzn_winding_woodlands_medium [nzn_winding_woodlands_hourglass,
          nzn_winding_woodlands_5x15_zeroes,
          nzn_winding_woodlands_5x5_checkerboard,
          nzn_winding_woodlands_5x5_open_star,
          nzn_winding_woodlands_center_triple_pond,
          nzn_winding_woodlands_5x5_three,
          nzn_winding_woodlands_5x5_closed_star,
          nzn_winding_woodlands_5x15_concentric,
          nzn_winding_woodlands_5x5_cross], layout_basic_swamp,
          serial_swamp_ruin, evilmike_swamp_ruin_wall,
          evilmike_swamp_ruin_house_3
Swamp:4:  swamp, layout_basic_swamp, swamp_pool2, uniq_mlioglotl, uniq_mara
Snake:1:  layout_cave_shapes, grunt_megastairs_4, minmay_shop_star
Snake:2:  layout_basic, minmay_shop_grove, serial_bayou_shore_a
Snake:3:  layout_misc_corridors, nicolae_snake_gridmaze_entwining,
          nicolae_shop_self_help
Snake:4:  snake_pit_salamanders_mu, layout_rooms, serial_bayou_shore_b
Orc:1:    layout_caves, nicolae_orc_lava_tube, statue_in_the_mist_lemuel
Orc:2:    grunt_orc_gardens, layout_caves, grunt_orc_garden, grunt_orc_garden,
          grunt_orc_garden, grunt_orc_garden, nicolae_shop_vocational
Elf:1:    nicolae_elf_arrival_no_cutting_in_line, layout_loops_ring,
          portal_ice_cave_entry_pillars_four, serial_shops,
          nicolae_shop_behind_doors, minmay_elf_sorcery
Elf:2:    nicolae_elf_blades_crystal_corner, layout_onion_city
Elf:3:    elf_hall_gauntlet_wide, layout_gridlike, grunt_megastairs_2
Vaults:1: vaults_dpeg_doors, vaults_dpeg_ring, st_lines,
          nicolae_vaults_circle_grid_b, ontoclasm_vaults_gateway,
          nicolae_vaults_little_squares_1, serial_ice_g, layout_vaults_omnigrid,
          serial_shops, nicolae_diamond_shop
Vaults:2: v_misc_30, minmay_crypt_entry_simple_corners, v_pattern_2,
          ontoclasm_vaults_idyll, vaults_dpeg_spiral,
          nicolae_vaults_circle_grid_a, v_misc_24,
          nicolae_vaults_mini_display_case, nicolae_vaults_little_squares_5,
          vaults_room_fours, hangedman_vaults_variations,
          vaults_mumra_minichess_inversion, layout_vaults_omnibox
Vaults:3: nicolae_vaults_network_quinsquares
          [nicolae_vaults_network_quincunx_subvault,
          nicolae_vaults_network_quincunx_subvault,
          nicolae_vaults_network_quincunx_subvault,
          nicolae_vaults_network_quincunx_subvault],
          nicolae_vaults_specimen_jars, v_misc_23, hangedman_vaults_stagger,
          v_alt_pattern_6, st_octagons_1, vaults_room_pools,
          ontoclasm_vaults_loading_screen, vaults_room_door_ring,
          vaults_standard_mumra_enter_the_diamond, v_misc_9,
          layout_vaults_big_cross, serial_shops, freezing_bzr
Vaults:4: nicolae_vaults_shelves_hall, v_pattern_1,
          nicolae_vaults_big_angled_halls, nicolae_vaults_rhombus_6,
          nicolae_vaults_three_branches, vaults_room_grid, vaults_room_pool,
          ontoclasm_vaults_tryst, v_misc_25, nicolae_vaults_border_crossing,
          layout_vaults_chaotic_city
Vaults:5
Crypt:1:  layout_basic, roderic_lattice_octagonal_star, uniq_sojobo,
          uniq_josephina
Crypt:2:  layout_gridlike, uniq_xtahua
Crypt:3:  evilmike_haunted_forest
Tomb:1
Depths:1: dreamdust_tengu_aerie, layout_basic, enter_ziggurat_e, serial_shops,
          shop, hell_entry, hangedman_abyss_or_decor_lesser_grid,
          abyss_entry_crystal, kennysheep_decorative_pillar, st_stairs_9,
          kennysheep_crisscross, kennysheep_small_spiral, evilmike_butchery,
          serial_bayou_shore_b, uniq_nikola
Depths:2: evilmike_diamond_1, layout_gridlike, rand_demon_pan_entry_3,
          hell_entry, infiniplex_staircase_zigzag_4, uniq_saint_roka
Depths:3: minmay_outward_triangles, layout_gridville, grunt_mini_vestibule,
          abyss_entry, serial_bayou_shore_b, rand_demon_pan_entry_1,
          minmay_misc_feat_plants, uniq_parghit
Depths:4: grunt_zot_entry_alcove, layout_long_grid, pf_hell_entry_tar_spiral,
          pan_entry, doesnt_xom_only_xom, uniq_mennas
Hell

Skill      XL: |  1  2  3  4  5  6  7  8  9 10 11 12 13 14 15 16 17 18 19 20 21 22 23 24 25 26 |
---------------+-------------------------------------------------------------------------------+-----
Fighting       | 1 2 3 4 5 6 7 8 9 10 11 | 11.7
Dodging        | 2 3 4 5 6 7 8 9 10 11 | 11.3
Unarmed Combat | 1 2 3 |  3.5
Air Magic      | 4 5 6 7 8 10 11 12 13 14 15 16 17 18 | 18.8
Spellcasting   | 3 4 5 6 7 8 9 10 12 13 14 15 16 17 18 19 20 | 20.2
Conjurations   | 2 3 4 5 6 7 8 9 10 11 12 | 12.6
Short Blades   | 1 2 3 4 |  4.2
Stealth        | 3 4 5 6 |  6.1
Evocations     | 1 2 3 4 5 6 7 8 9 10 11 12 13 | 13.6
Armour         | 1 2 3 4 5 6 7 8 9 |  9.8
Long Blades    | 2 4 5 6 7 8 9 10 11 12 | 12.4
Invocations    | 1 3 4 5 6 7 8 9 10 11 12 | 12.2
Polearms       | 1 3 5 6 7 8 9 10 11 | 11.3
Throwing       | 1 |  1.5
Translocations | 1 4 5 6 |  6.0
Transmutations | 2 4 5 6 7 8 9 |  9.8
Shields        | 1 2 3 4 |  4.7
Earth Magic    | 2 3 4 5 6 7 8 |  8.5

Action                   |  1- 3 |  4- 6 |  7- 9 | 10-12 | 13-15 | 16-18 | 19-21 | 22-24 | 25-27 || total
-------------------------+-------+-------+-------+-------+-------+-------+-------+-------+-------++-------
Melee: Unarmed           |    29 |    11 |       |       |       |       |       |     6 |       ||    46
       Bite              |     6 |    10 |    86 |   194 |    87 |   227 |   166 |   343 |   208 ||  1327
       Punch             |     1 |     1 |    10 |    15 |     7 |       |       |     1 |       ||    35
       Dagger            |       |    63 |   251 |   208 |       |    10 |       |       |       ||   532
       Trident           |       |       |    25 |   232 |   226 |   572 |   183 |    66 |     8 ||  1312
       Double sword      |       |       |       |       |       |    25 |   132 |   852 |   372 ||  1381
       Headbutt          |       |       |       |       |       |       |       |       |   103 ||   103
Throw: Dart              |       |       |     2 |    15 |    14 |       |       |       |       ||    31
       Boomerang         |       |       |       |    11 |       |     7 |     1 |     2 |     5 ||    26
 Cast: Shock             |    58 |    92 |    30 |     2 |       |       |       |       |       ||   182
       Static Discharge  |       |     1 |       |       |       |       |       |       |       ||     1
       Airstrike         |       |       |       |   105 |   196 |   715 |   605 |   382 |   346 ||  2349
       Vhi's Electric Ch |       |       |       |     3 |     5 |     6 |       |     2 |       ||    16
       Arcjolt           |       |       |       |     4 |    45 |    87 |    41 |   109 |    36 ||   322
       Lightning Bolt    |       |       |       |       |     9 |     9 |    11 |     2 |       ||    31
       Manifold Assault  |       |       |       |       |       |       |       |   126 |       ||   126
       Statue Form       |       |       |       |       |       |       |       |    21 |     5 ||    26
       Storm Form        |       |       |       |       |       |       |       |     1 |       ||     1
       Maxwell's Capacit |       |       |       |       |       |       |       |     1 |     4 ||     5
Invok: Slouch            |       |       |       |       |     6 |     6 |     2 |     8 |     1 ||    23
       Step From Time    |       |       |       |       |       |       |       |     1 |     1 ||     2
 Abil: Blinkbolt         |       |       |       |       |       |       |       |     1 |       ||     1
Evoke: Wand              |       |     8 |       |       |       |     3 |     1 |     1 |     5 ||    18
       Tin of tremorston |       |       |       |       |       |       |       |     3 |     4 ||     7
       Box of beasts     |       |       |       |       |       |       |       |     3 |     4 ||     7
       Condenser vane    |       |       |       |       |       |       |       |     1 |     4 ||     5
  Use: Potion            |     1 |       |       |     1 |     1 |     2 |     2 |     5 |     5 ||    17
       Scroll            |       |     7 |     8 |     9 |    14 |    15 |     6 |     7 |     4 ||    70
 Stab: Sleeping          |       |       |    13 |     3 |     1 |     2 |     5 |    11 |    11 ||    46
       Distracted        |       |       |       |       |       |     1 |     2 |     4 |     5 ||    12
Armor: Robe              |     4 |    28 |    18 |       |       |       |       |       |       ||    50
       Skin              |       |     1 |       |       |       |       |       |   224 |    29 ||   254
       Ring mail         |       |       |   119 |   214 |    85 |       |       |       |       ||   418
       Scale mail        |       |       |       |       |    11 |    71 |       |       |       ||    82
       Plate armour      |       |       |       |       |       |     8 |       |       |       ||     8
       Leather armour    |       |       |       |       |       |   155 |   198 |   317 |    30 ||   700
       Shadow dragon sca |       |       |       |       |       |       |       |       |   181 ||   181
Dodge: Dodged            |    30 |    50 |   159 |   309 |   260 |   498 |   409 |  1145 |   401 ||  3261
Block: Buckler           |       |       |       |       |    30 |    78 |       |       |       ||   108
       Kite shield       |       |       |       |       |       |   239 |   296 |   855 |   325 ||  1715
       Tower shield      |       |       |       |       |       |       |       |       |    42 ||    42

Table legend: (Time is in decaauts)
 A = Elapsed time spent in this place.
 B = Non-inter-level travel time spent in this place.
 C = Inter-level travel time spent in this place.
 D = Time resting spent in this place.
 E = Time spent auto-exploring this place.
 F = Levels seen in this place.
 G = Mean time per level.
                   A        B        C        D        E       F      G
               +--------+--------+--------+--------+--------+-----+--------+
         Total |  92721 |  84284 |   8437 |   7304 |  63094 |  52 | 1783.1 |
       Dungeon |  22033 |  19455 |   2578 |   1669 |  15089 |  15 | 1468.9 |
        Temple |     75 |     58 |     17 |      0 |     36 |   1 |   75.0 |
          Lair |  13120 |  12001 |   1119 |   1390 |   9211 |   5 | 2624.0 |
         Swamp |   6357 |   6114 |    243 |    296 |   4871 |   4 | 1589.2 |
     Snake Pit |   8386 |   7678 |    708 |    866 |   5376 |   4 | 2096.5 |
  Orcish Mines |   3945 |   3565 |    380 |    324 |   2804 |   2 | 1972.5 |
   Elven Halls |   7135 |   6052 |   1083 |    561 |   4102 |   3 | 2378.3 |
        Vaults |  11140 |   9765 |   1375 |    626 |   7583 |   5 | 2228.0 |
         Crypt |   7387 |   6909 |    478 |     33 |   5479 |   3 | 2462.3 |
          Tomb |      1 |      1 |      0 |      0 |      0 |   1 |    1.0 |
        Depths |  10284 |   9834 |    450 |   1121 |   7052 |   4 | 2571.0 |
          Hell |     13 |     13 |      0 |      0 |      0 |   1 |   13.0 |
         Abyss |   1330 |   1330 |      0 |    209 |    712 |   1 | 1330.0 |
        Bazaar |    136 |    136 |      0 |      0 |     75 |   1 |  136.0 |
         Sewer |    267 |    267 |      0 |      0 |    174 |   1 |  267.0 |
      Ice Cave |   1103 |   1103 |      0 |    208 |    525 |   1 | 1103.0 |
               +--------+--------+--------+--------+--------+-----+--------+

Top non-repeatable levels by time:
 Crypt:3: 3808 daAuts
  Lair:5: 3695 daAuts
 Snake:4: 2923 daAuts
Vaults:3: 2907 daAuts
Depths:2: 2905 daAuts
  Lair:2: 2862 daAuts
Vaults:1: 2821 daAuts
   Elf:3: 2810 daAuts
Depths:3: 2762 daAuts
Vaults:2: 2705 daAuts
Vaults:4: 2684 daAuts
Depths:1: 2680 daAuts
   Orc:2: 2571 daAuts
    D:14: 2541 daAuts
  Lair:4: 2487 daAuts
